 Dungeon Crawl Stone Soup version 0.16-a0-1183-g5b05a17 (webtiles) character file.

144 PolkaDot the Caller (level 5, -2/39 HPs)
             Began as a Vampire Summoner on Oct 10, 2014.
             Killed from afar by an orc wizard (4 damage)
             ... with a magic dart
             ... on level 3 of the Dungeon.
             The game lasted 00:08:03 (2408 turns).

PolkaDot the Caller (Vampire Summoner)              Turns: 2408, Time: 00:08:03

Health: -2/39      AC:  2    Str:  7    XL:     5   Next: 5%
Magic:  9/9        EV: 12    Int: 18    God:
Gold:   104        SH:  0    Dex: 14    Spells: 3 memorised, 2 levels left

rFire  . . .     SeeInvis +     i - +5 scythe (vamp)
rCold  . . .     Clarity  .     a - +0 robe
rNeg   . . .     SustAb   .     (no shield)
rPois  .         Gourm    .     (no helmet)
rElec  .         Spirit   .     (no cloak)
rCorr  .         Warding  .     (no gloves)
rMut   .         Stasis   .     (no boots)
MR     +....                    (no amulet)
Stlth  ++........               (no ring)
                                f - ring of protection from magic

@: flying, very slightly contaminated, regenerating quickly, hasted, very quick,
somewhat resistant to hostile enchantments, unstealthy
A: fangs 3, see invisible, unbreathing
a: no special abilities


You were on level 3 of the Dungeon.
You were very full.

You visited 1 branch of the dungeon, and saw 3 of its levels.

You collected 104 gold pieces.

Inventory:

Hand weapons
 i - a +5 vampiric scythe (weapon)
Armour
 a - a +0 robe (worn)
Magical devices
 n - a wand of random effects (20)
Scrolls
 c - a scroll of enchant weapon {unknown}
 d - a scroll of fear {unknown}
 e - 3 scrolls of identify {unknown}
 g - a scroll of recharging {unknown}
 h - a scroll of random uselessness {unknown}
 m - a scroll of teleportation {unknown}
Jewellery
 f - a ring of protection from magic (left hand)
 l - a +4 ring of intelligence {unknown}
Books
 b - a book of Callings

   Spells                             Type                      Level
   *Summon Small Mammal               Summoning                    1
   *Call Imp                          Summoning                    2
   *Call Canine Familiar              Summoning                    3
   Summon Guardian Golem              Hexes/Summoning              4
   Summon Lightning Spire             Summoning/Air                4
   Summon Ice Beast                   Ice/Summoning                4


   Skills:
 + Level 2.6 Fighting
 - Level 2.1 Dodging
 - Level 3.0 Stealth
 - Level 2.0 Spellcasting
 * Level 5.4 Summonings


You had 2 spell levels left.
You knew the following spells:

 Your Spells              Type           Power        Failure   Level  Hunger
a - Summon Small Mammal   Summ           ###.         1%          1    #......
d - Call Canine Familiar  Summ           ###.....     10%         3    ####...
s - Call Imp              Summ           ###.....     3%          2    ##.....


Dungeon Overview and Level Annotations

Branches:
Dungeon (3/15)

Altars:
Qazlal
Xom


Innate Abilities, Weirdness & Mutations

Your natural rate of healing is unusually fast.
You have razor-sharp teeth.
You have supernaturally acute eyesight.
You can survive without breathing.


Message History

The orc hits you with a dagger.
* * * LOW HITPOINT WARNING * * *
You closely miss the orc wizard. Your bite misses the orc wizard.
The orc wizard points at you and mumbles some strange words.
The puff of flame hits you!
* * * LOW HITPOINT WARNING * * *
The orc hits you but does no damage. The orc wizard hits you with a dagger.
* * * LOW HITPOINT WARNING * * *
The orc hits you with a dagger!
* * * LOW HITPOINT WARNING * * *
Drink which item? (? for menu, Esc to quit)
You feel yourself speed up.
It was a potion of haste.
The orc wizard hits you but does no damage.
You are very lightly contaminated with residual magic.
Drink which item? (? for menu, Esc to quit)
You feel very buoyant.
You fly up into the air.
It was a potion of flight.
The orc wizard gestures at you while chanting.
The magic dart hits you!
You die...

..........#
.......##.#
######.##.########
#..).##........#
#.############.#
#.#......# #.#
#.#.####.#####.#
#.#.# #...<##.#
#.#'##########@#
#..........# #.#
#....#####.# #o#
#.......##.#
#oo.......
#....##.##.#
#........
#....##.##.#
#).......
#....##.##.#
#.%......
#....##.##.#
#..#.##.
#....##.##.#
#..#..


You could see an orc wizard and 2 orcs.

Vanquished Creatures
  Terence (D:3)
  A gnoll (D:1)
  3 adders
  3 giant geckos
  An ooze (D:2)
  An orc (D:3)
  7 bats
  3 giant cockroaches
  6 goblins
  A hobgoblin (D:1)
  3 kobolds
  A ball python (D:2)
  2 giant newts
  7 rats (D:2)
40 creatures vanquished.

Vanquished Creatures (collateral kills)
  Sigmund (D:2)
  2 adders (D:2)
  A kobold (D:2)
  A giant gecko (D:2)
5 creatures vanquished.

Grand Total: 45 creatures vanquished

Notes
Turn   | Place    | Note
--------------------------------------------------------------
     0 | D:1      | PolkaDot, the Vampire Summoner, began the quest for the Orb.
     0 | D:1      | Reached XP level 1. HP: 13/13 MP: 3/3
   241 | D:1      | Reached skill level 1 in Fighting
   314 | D:1      | Reached XP level 2. HP: 12/21 MP: 0/4
   901 | D:1      | Learned a level 2 spell: Call Imp
  1327 | D:2      | Noticed Sigmund
  1343 | D:2      | Reached XP level 3. HP: 13/27 MP: 3/6
  1462 | D:2      | Learned a level 3 spell: Call Canine Familiar
  1480 | D:2      | Killed Sigmund
  1480 | D:2      | Reached XP level 4. HP: 3/33 MP: 0/7
  1619 | D:2      | Reached skill level 5 in Summonings
  1845 | D:2      | Found a shimmering altar of Xom.
  1845 | D:2      | Found a stormy altar of Qazlal.
  2327 | D:3      | Noticed Terence
  2372 | D:3      | Killed Terence
  2372 | D:3      | Reached XP level 5. HP: 34/39 MP: 9/9
  2408 | D:3      | Killed from afar by an orc wizard

Action                   |  1- 3 |  4- 6 || total
-------------------------+-------+-------++-------
Melee: Dagger            |    83 |       ||    83
       Unarmed           |    11 |       ||    11
       Scythe            |       |    80 ||    80
 Cast: Summon Small Mamm |     5 |       ||     5
       Call Imp          |     5 |       ||     5
       Call Canine Famil |     1 |     1 ||     2
Evoke: Wand              |       |     1 ||     1
  Use: Potion            |     1 |     2 ||     3
 Stab: Sleeping          |     4 |     2 ||     6
       Distracted        |     2 |       ||     2
  Eat: Corpse            |     9 |     7 ||    16
